 Dungeon Crawl Stone Soup version 0.30.0-5-g1a98f26d00 (webtiles) character file.

Game seed: 11920113955664631579

405 KamiKatze the Conjurer (level 6, -4/32 HPs)
             Began as a Deep Elf Conjurer on May 10, 2023.
             Was an Initiate of Vehumet.
             Slain by an ogre
             ... wielding a +0 giant club
              (19 damage)
             ... on level 5 of the Dungeon.
             The game lasted 00:11:41 (3663 turns).

KamiKatze the Conjurer (Deep Elf Conjurer)          Turns: 3663, Time: 00:11:42

Health: -4/32      AC:  4    Str:  4    XL:     6   Next: 56%
Magic:  14/14      EV: 12    Int: 25    God:    Vehumet [......]
Gold:   193        SH:  0    Dex: 13    Spells: 3/14 levels left

rFire   . . .        B - +0 whip (venom)
rCold   . . .        (no shield)
rNeg    . . .        a - +0 robe
rPois   .            m - +0 helmet
rElec   .            A - +0 cloak
rCorr   +            (no gloves)
SInv    .            (no boots)
Will    +....        n - amulet of regeneration
Stlth   ++           l - ring of willpower
HPRegen 1.05/turn    x - ring of resist corrosion
MPRegen 0.14/turn

%: no passive effects
@: no status effects
A: no striking features
a: Renounce Religion


You were on level 5 of the Dungeon.
You worshipped Vehumet.
Vehumet was noncommittal.
You visited 1 branch of the dungeon, and saw 5 of its levels.

You collected 193 gold pieces.

Inventory:

Hand Weapons
 f - a +0 hand axe
 p - a +0 dagger
 B - a +0 whip of venom (weapon)
Missiles
 o - 3 poisoned darts
 t - 3 curare-tipped darts (quivered)
 y - a throwing net
Armour
 a - a +0 robe (worn)
 d - a +0 buckler
 m - a +0 helmet (worn)
 A - a +0 cloak (worn)
Jewellery
 l - a ring of willpower (left hand)
 n - an amulet of regeneration (around neck)
 x - a ring of resist corrosion (right hand)
Wands
 v - a wand of flame (10)
Scrolls
 c - a scroll of fog {unknown}
 g - a scroll of amnesia {unknown}
 h - a scroll of enchant armour {unknown}
 i - 3 scrolls of noise
 q - a scroll of teleportation
 s - a scroll of immolation {unknown}
 z - a scroll of blinking {unknown}
Potions
 b - 3 potions of magic
 e - 2 potions of brilliance
 j - 2 potions of invisibility
 k - a potion of degeneration
 r - 2 potions of might
 u - a potion of curing {unknown}


   Skills:
 + Level 1.6 Throwing
 - Level 3.0 Dodging
 - Level 3.0 Stealth
 * Level 4.6 Spellcasting
 * Level 5.5 Conjurations
 * Level 3.5 Hexes
 * Level 2.8 Translocations
 + Level 1.9 Evocations


You had 3 spell levels left.
You knew the following spells:

 Your Spells              Type           Power      Damage    Failure   Level
a - Magic Dart            Conj           100%       1d8       1%          1
b - Searing Ray           Conj           66%        2d6       1%          2
c - Fulminant Prism       Conj/Hex       14%        3d8       13%         4
d - Iskenderun's Mystic   Conj/Tloc      26%        2d7       16%         4

Your spell library contained the following spells:

 Spells                   Type           Power      Damage    Failure   Level
 Dazzling Flash           Conj/Hex       56%        N/A       4%          3
 Stone Arrow              Conj/Erth      38%        3d9       9%          3
 Cigotuvi's Dreadful Rot  Necr/Pois/Air  10%        N/A       13%         2
 Ignite Poison            Fire/Tmut/Pois 5%         N/A       26%         3
 Animate Armour           Summ/Erth      10%        N/A       65%         4
 Freezing Cloud           Conj/Ice/Air   7%         6-21      73%         5
 Lehudib's Crystal Spear  Conj/Erth      9%         10d4      100%        8


Dungeon Overview and Level Annotations

Branches:
Dungeon (5/15)
 Temple: D:4-7

Altars:
Kikubaaqudgha
Nemelex Xobeh
Sif Muna
Vehumet

Shops:
D:3 [

Annotations:
D:4 exclusion: water moccasin


Message History

The searing ray misses the howler monkey. (Press . to maintain the ray.) Unknown command.
The searing ray hits the howler monkey.
The howler monkey is moderately wounded.
The searing ray hits the howler monkey!
The howler monkey is severely wounded.
The howler monkey hits you but does no damage.
The searing ray hits the howler monkey!
You kill the howler monkey!
Vehumet accepts your kill.
You finish channelling your searing ray.
n - an amulet of regeneration You now have 193 gold pieces (gained 15).
There is a stone staircase leading up here.
You start putting on your amulet.
You continue putting on your amulet of regeneration. x5
You finish putting on your amulet of regeneration.
The amulet throbs as it attunes itself to your uninjured body.
n - an amulet of regeneration (around neck)
There is a stone staircase leading up here.
As you read the scroll labelled UFAFA DUKOUFYC, it crumbles to dust.
You feel strangely unstable.
It was a scroll of teleportation.
You climb upwards.
Level annotation: exclusion: water moccasin Your surroundings suddenly seem different.
There is a stone staircase leading down here.
You climb downwards.
Found a pink potion.
There is a stone staircase leading up here.
Found a purple potion.
The ogre shouts!
The ogre attacks as you move away!
The ogre hits you with a +0 giant club!!
Ouch! That really hurt!
* * * LOW HITPOINT WARNING * * *
The ogre attacks as you move away!
The ogre hits you with a +0 giant club!!
Ouch! That really hurt!
You die...

#######
#.....#
#.....####+#
#...........
#...@.....!.
#..O.!......
#.<.........
#...........
##.#########
#+#


You could see an ogre.

Vanquished Creatures
  An ogre (D:4)
  2 howler monkeys
  A hound (D:3)
  7 gnolls (D:4)
  7 adders
  A white imp (D:4)
  2 worms (D:3)
  A dart slug (D:3)
  An orc (D:3)
  5 ball pythons
  10 bats
  7 endoplasms
  2 giant cockroaches
  9 hobgoblins
  3 jackals (D:3)
  5 kobolds
  3 quokkas
  A frilled lizard (D:1)
  8 goblins
  6 rats
82 creatures vanquished.

Notes
Turn   | Place    | Note
-------+----------+-------------------------------------------
     0 | D:1      | KamiKatze the Deep Elf Conjurer began the quest for the
                  | Orb.
     0 | D:1      | Reached XP level 1. HP: 10/10 MP: 6/6
   223 | D:1      | Reached XP level 2. HP: 15/15 MP: 4/8
   226 | D:1      | Learned a level 2 spell: Searing Ray
   268 | D:1      | Found a faded altar of an unknown god.
   271 | D:1      | Reached skill level 1 in Hexes
   939 | D:2      | Reached XP level 3. HP: 19/19 MP: 6/9
  1056 | D:2      | Reached skill level 1 in Translocations
  1556 | D:3      | Reached skill level 1 in Evocations
  1556 | D:3      | Reached XP level 4. HP: 24/24 MP: 7/10
  1564 | D:3      | Learned a level 4 spell: Fulminant Prism
  1702 | D:3      | Found a shimmering blue altar of Sif Muna.
  1702 | D:3      | Found a radiant altar of Vehumet.
  1703 | D:3      | Found a sparkling altar of Nemelex Xobeh.
  1710 | D:3      | Became a worshipper of Vehumet
  1982 | D:3      | Reached skill level 5 in Conjurations
  2030 | D:3      | Found Giusch's Armour Emporium.
  2414 | D:3      | Reached XP level 5. HP: 18/28 MP: 6/12
  2488 | D:3      | Reached skill level 1 in Throwing
  2572 | D:4      | Noticed a water moccasin
  2956 | D:4      | Learned a level 4 spell: Iskenderun's Mystic Blast
  3019 | D:4      | Found an ancient bone altar of Kikubaaqudgha.
  3261 | D:4      | Noticed an ogre
  3262 | D:4      | Reached XP level 6. HP: 32/32 MP: 8/14
  3550 | D:5      | Entered Level 5 of the Dungeon
  3663 | D:5      | Slain by an ogre

Illustrated notes

Levels and vault maps discovered:
D:1:      dpeg_arrival_concentric_ovals, layout_loops_ring,
          dreamdust_ecumenical_altar_statues
D:2:      layout_loops_ring
D:3:      layout_basic, gammafunk_temple_overflow_claw, serial_shops, shop
D:4:      layout_loops_ring, mainiacjoe_overflow_brackets
D:5:      layout_gridville, minmay_temple_entry_mist, uniq_grinder, uniq_duvessa

Skill      XL: |  1  2  3  4  5 |
---------------+----------------+-----
Hexes          | 1 2 3 |  3.5
Translocations | 1 2 |  2.8
Stealth        | 3 |  3.0
Evocations     | 1 |  1.9
Dodging        | 3 |  3.0
Conjurations   | 5 |  5.5
Throwing       | 1 |  1.6
Spellcasting   | 4 |  4.6

Action                     |  1- 3 |  4- 6 || total
---------------------------+-------+-------++-------
  Melee: Hand axe          |     7 |     3 ||    10
         Whip              |       |     8 ||     8
   Cast: Magic Dart        |    74 |    37 ||   111
         Searing Ray       |     1 |    16 ||    17
    Use: Scroll            |       |     6 ||     6
 Armour: Robe              |     1 |     6 ||     7
  Dodge: Dodged            |     9 |    20 ||    29
